 Dungeon Crawl Stone Soup version 0.20.1-1-g8b1a95d (webtiles) character file.

60969 Feta the Peltast (level 15, -14/123 HPs)
             Began as a Formicid Fighter on Sept 8, 2017.
             Was the Champion of Cheibriados.
             Demolished by a stone giant (30 damage)
             ... in a volcano.
             The game lasted 01:10:08 (18900 turns).

Feta the Peltast (Formicid Fighter)                Turns: 18900, Time: 01:10:09

Health: -14/123    AC: 11    Str: 35    XL:     15   Next: 40%
Magic:  19/22      EV: 24    Int: 28    God:    Cheibriados [******]
Gold:   1916       SH: 17    Dex: 29    Spells: 23/23 levels left

rFire    + . .     SeeInvis +   a - +10 morningstar "Eos" {elec, Halo rElec}
rCold    . . .     Gourm    .   c - +0 shield
rNeg     . . .     Faith    .   e - +1 ring mail {rF+}
rPois    +         Spirit   .   (helmet unavailable)
rElec    +         Reflect  .   (no cloak)
rCorr    .         Harm     .   I - +0 pair of gloves
MR       +....                  y - +0 pair of boots
Stlth    +.........             (no amulet)
Regen    0.3/turn               G - ring of Tateerru {+Fly rPois Str-2 Dex+4 Slay-2} (curse)
MPRegen  0.2/turn               d - +3 ring of evasion

@: glowing, very slow
A: permanent stasis, dig shafts and tunnels, four strong arms, antennae 3
a: Dig, Shaft Self, Bend Time, Temporal Distortion, Slouch, Step From Time,
Renounce Religion, Evoke Flight


You were in a volcano.
You worshipped Cheibriados.
Cheibriados was exalted by your worship.
You were very hungry.

You visited 4 branches of the dungeon, and saw 20 of its levels.
You also visited: Volcano.

You collected 2221 gold pieces.
You spent 305 gold pieces at shops.

Inventory:

Hand Weapons
 a - the +10 morningstar "Eos" (weapon) {elec, Halo rElec}
   (You found it on level 5 of the Dungeon)

   Occasionally, upon striking a foe, it will discharge some electrical energy
   and cause terrible harm.
   It insulates you from electricity.
 n - a +0 battleaxe
Missiles
 h - 525 stones
 m - 8 javelins (quivered)
 P - 15 poisoned needles
Armour
 c - a +0 shield (worn)
 e - a +1 ring mail of fire resistance (worn)
 y - a +0 pair of boots (worn)
 E - a +2 scale mail of poison resistance
 I - a +0 pair of gloves (worn)
Jewellery
 d - a +3 ring of evasion (right hand)
 l - an uncursed ring of positive energy
 s - an uncursed ring of ice
 v - a +4 ring of protection {unknown}
 G - the cursed ring of Tateerru (left hand) {+Fly rPois Str-2 Dex+4 Slay-2}
   (You found it on level 7 of the Dungeon)

   [ring of slaying]

   It affects your strength (-2).
   It affects your dexterity (+4).
   It affects your accuracy and damage with ranged weapons and melee attacks
   (-2).
   It protects you from poison.
   It lets you fly.
   It has a curse placed upon it.
 L - an uncursed ring of positive energy
Wands
 b - a wand of polymorph (10/24)
 i - a wand of clouds (5/9)
 t - a wand of acid (5/15)
 u - a wand of disintegration (0/24)
 D - a wand of confusion (35/48)
 F - a wand of disintegration (12/24)
 K - a wand of iceblast (7/15)
 M - a wand of polymorph (5/24)
 N - a wand of paralysis (17/24)
 T - a wand of iceblast (8/15)
Scrolls
 j - a scroll of enchant weapon
 r - 2 scrolls of identify
 C - 5 scrolls of remove curse
 J - a scroll of fog
 O - a scroll of holy word
 R - a scroll of fear
Potions
 f - a potion of resistance
 o - a potion of flight
 p - 3 potions of agility
 q - a potion of cancellation
 w - 7 potions of curing
 x - 3 potions of lignification
 z - a potion of degeneration
Miscellaneous
 A - a fan of gales
 B - a lightning rod (inert)
Comestibles
 g - 4 bread rations
 H - 4 royal jellies
 Q - 2 meat rations
 S - 8 fruits


   Skills:
 + Level 13.0 Fighting
 + Level 8.8 Axes
 + Level 10.3 Armour
 + Level 8.8 Dodging
 + Level 16.3 Shields
 * Level 4.6 Spellcasting
 * Level 10.6 Invocations
 + Level 2.2 Evocations


You had 23 spell levels left.
You didn't know any spells.

Dungeon Overview and Level Annotations

Branches:
Dungeon (11/15)            Temple (1/1) D:5            Lair (6/6) D:10
 Shoals (0/4) Lair:2       Spider (0/4) Lair:2        Slime (0/5) Lair:5
    Orc (2/2) D:11            Elf (0/3) Orc:2

Altars:
Ashenzari
Cheibriados
Dithmenos
Elyvilon
Fedhas
Gozag
Hepliaklqana
Kikubaaqudgha
Makhleb
Nemelex Xobeh
Okawaru
Qazlal
Ru
Sif Muna
Trog
Uskayaw
Vehumet
Xom
Yredelemnul
Zin
The Shining One
Jiyva

Shops:
Orc:2 !*?*


Innate Abilities, Weirdness & Mutations

You cannot be hasted, slowed, berserked, paralysed or teleported.
You can dig through walls and to a lower floor.
Your four strong arms can wield two-handed weapons with a shield.
You have a pair of large antennae on your head. (SInv)


Message History

You block the stone giant's attack. x2
You sock the stone giant!
The stone giant is moderately wounded.
The efreet gestures at you. The bolt of fire misses you.
You block the stone giant's attack.
You bludgeon the stone giant!!
Lightning courses through the stone giant!
The stone giant is severely wounded.
You block the efreet's attack. The stone giant hits you.
You hit the stone giant but do no damage.
The stone giant is severely wounded.
The efreet gestures at you. The bolt of fire misses you.
The stone giant hits you!!
* * * LOW HITPOINT WARNING * * *
You block the efreet's attack.
You hit the stone giant but do no damage.
The stone giant is severely wounded.
You block the stone giant's attack. You block the efreet's attack.
The stone giant hits you!!
You die...

§≈≈§§≈≈§≈≈≈≈§≈§§§≈≈≈≈≈
≈≈≈§§≈≈
§≈§§§≈§≈§≈§≈≈≈§§≈§§≈§≈
§≈≈≈ §§§§≈≈§ §§≈≈§ ≈≈≈§
≈≈§§≈ ≈≈ ###########
#.≈≈≈§≈≈≈ ≈≈ .'.....'.§
#.≈≈§≈≈≈≈ §≈ #.8_8.#
#.≈§§≈§≈≈ #.C.R.#
#.≈§≈≈≈§≈ #@#
###.≈≈≈§§≈§ #(#
..#.≈≈≈≈≈≈≈ #.#
#.≈≈≈≈≈≈. #.# #.§≈§≈..≈
#.# #.§§..≈≈≈ { #.# {
#...≈≈≈≈≈ { #.#
#.§≈≈≈≈§§
######+########.≈≈≈≈≈≈≈
§..§......§.§§§.≈≈≈≈≈≈≈≈


You could see a stone giant and an efreet.

Vanquished Creatures
  Snorg (Orc:1)
  5 hydras
  Fannar (Orc:1)
  A centaur warrior (D:11)
  7 two-headed ogres
  An ogre mage (Orc:2)
  3 orc high priests (Orc:2)
  5 skeletal warriors (D:11)
  An unseen horror (D:11)
  Pikel (D:8)
  5 orc knights
  A lindwurm (Lair:4)
  2 wolf spiders (Lair:2)
  5 orc sorcerers (Orc:2)
  A cyclops (Orc:1)
  2 ugly things (D:11)
  3 elephants (Lair:4)
  A manticore (Lair:4)
  A moth of wrath (D:8)
  2 merfolk sirens (Lair:2)
  7 black mambas
  Psyche (D:8)
  The ghost of Feta the Shield-Bearer, a novice FoFi (D:5)
  10 spiny frogs
  4 komodo dragons
  A merfolk (Lair:2)
  3 meliai (Lair:4)
  7 trolls
  15 blink frogs
  A hornet (D:7)
  A jumping spider (Lair:2)
  4 hippogriffs
  A queen bee (Lair:4)
  Sigmund (D:4)
  2 redbacks (Lair:2)
  21 yaks
  3 wyverns
  3 fire elementals (Volcano)
  A wraith (D:11)
  3 basilisks
  2 fire bats (Volcano)
  4 hogs (D:7)
  A steam dragon (D:11)
  A human (D:7)
  Grum (Lair:1)
  A hungry ghost (D:11)
  Edmund (D:5)
  3 wargs
  Duvessa (D:7)
  21 water moccasins
  23 orc warriors
  11 porcupines
  4 black bears
  2 sky beasts
  2 phantoms (D:8)
  6 centaurs
  A necrophage (D:11)
  13 ogres
  4 wolves (Lair:1)
  8 crocodiles
  8 big kobolds
  18 bullfrogs
  A wyvern zombie (D:9)
  A gnoll sergeant (D:8)
  Dowan (D:7)
  5 scorpions
  3 wights (D:9)
  3 howler monkeys
  29 killer bees
  2 electric eels
  2 bullfrog zombies
  4 lava snakes (Volcano)
  A centaur zombie (D:5)
  6 jellies
  13 hounds
  20 orc priests
  26 orc wizards
  3 centaur skeletons
  A hell rat (Lair:4)
  Ijyb (D:4)
  4 iguanas
  15 worker ants
  2 killer bee zombies
  3 hound zombies
  4 hound skeletons
  A worker ant zombie (D:9)
  13 gnolls
  9 adders
  A shadow imp (D:6)
  4 oozes
  An adder skeleton (D:5)
  An adder zombie (D:9)
  6 worms
  5 dart slugs
  2 leopard geckos
  78 orcs
  7 bats
  4 giant cockroaches
  6 goblins
  7 hobgoblins
  8 jackals
  A quokka (D:3)
  5 ball pythons
  5 frilled lizards
  46 kobolds
  2 leopard gecko zombies
  A quokka skeleton (D:9)
  10 rats
648 creatures vanquished.

Vanquished Creatures (others)
  A phantom (D:8)
  An orc priest (D:8)
  An orc wizard (Orc:2)
  A worker ant (D:8)
  3 orcs
  3 fungi (Lair:4)
10 creatures vanquished.

Grand Total: 658 creatures vanquished

Notes
Turn   | Place    | Note
-------+----------+-------------------------------------------
     0 | D:1      | Feta the Formicid Fighter began the quest for the Orb.
     0 | D:1      | Reached XP level 1. HP: 18/18 MP: 1/1
   167 | D:1      | Reached XP level 2. HP: 15/24 MP: 2/2
   202 | D:1      | Reached skill level 4 in Shields
   370 | D:1      | Reached XP level 3. HP: 26/29 MP: 3/3
  1059 | D:2      | Reached XP level 4. HP: 31/35 MP: 4/4
  1918 | D:3      | Reached XP level 5. HP: 40/42 MP: 5/5
  2073 | D:3      | Reached skill level 1 in Dodging
  2287 | D:3      | Reached skill level 5 in Shields
  2287 | D:3      | Reached XP level 6. HP: 42/48 MP: 6/6
  2479 | D:4      | Noticed Ijyb
  2498 | D:4      | Killed Ijyb
  2764 | D:4      | Found a snail-covered altar of Cheibriados.
  2772 | D:4      | Became a worshipper of Cheibriados the Contemplative
  2776 | D:4      | Noticed Sigmund
  2784 | D:4      | Killed Sigmund
  2784 | D:4      | Reached XP level 7. HP: 40/55 MP: 7/7
  3043 | D:5      | Entered Level 5 of the Dungeon
  3475 | D:5      | Reached skill level 6 in Shields
  3507 | D:5      | Noticed Edmund
  3521 | D:5      | You fall through a shaft for 3 floors!
  3670 | D:8      | Reached skill level 5 in Axes
  3670 | D:8      | Reached XP level 8. HP: 53/61 MP: 8/8
  3697 | D:8      | Reached skill level 5 in Fighting
  3697 | D:8      | Reached skill level 5 in Armour
  3713 | D:8      | Reached * piety under Cheibriados
  4229 | D:7      | Reached skill level 7 in Shields
  4232 | D:7      | Noticed Duvessa
  4235 | D:7      | Noticed Dowan
  4257 | D:7      | Killed Duvessa
  4270 | D:7      | Killed Dowan
  4397 | D:6      | Found a hazy altar of Hepliaklqana.
  4503 | D:5      | Reached XP level 9. HP: 64/68 MP: 9/9
  4557 | D:5      | Killed Edmund
  4651 | D:5      | Found a staircase to the Ecumenical Temple.
  4660 | Temple   | Entered the Ecumenical Temple
  4868 | D:5      | Reached ** piety under Cheibriados
  4933 | D:5      | Noticed Feta's ghost (novice FoFi)
  5024 | D:5      | Noticed a two-headed ogre
  5031 | D:5      | Killed a two-headed ogre
  5031 | D:5      | Reached skill level 8 in Shields
  5031 | D:5      | Reached skill level 1 in Evocations
  5133 | D:5      | Killed Feta's ghost
  5133 | D:5      | Reached XP level 10. HP: 68/76 MP: 9/11
  5366 | D:6      | Reached *** piety under Cheibriados
  5791 | D:6      | Reached skill level 9 in Shields
  6275 | D:7      | Reached **** piety under Cheibriados
  6310 | D:7      | Found an ancient bone altar of Kikubaaqudgha.
  6367 | D:7      | Found a sparkling altar of Nemelex Xobeh.
  6456 | D:7      | Got a fine amber ring
  6457 | D:7      | Identified the cursed ring of Tateerru {+Fly rPois Str-2 Dex+4 Slay-2} (You found it on level 7 of the Dungeon)
  7024 | D:8      | Noticed a moth of wrath
  7027 | D:8      | Found a bloodstained altar of Trog.
  7113 | D:8      | Killed a moth of wrath
  7175 | D:8      | Reached ***** piety under Cheibriados
  7221 | D:8      | Reached XP level 11. HP: 83/85 MP: 12/12
  7223 | D:8      | Noticed Psyche
  7228 | D:8      | Killed Psyche
  7249 | D:8      | Reached skill level 10 in Shields
  7318 | D:8      | Noticed Pikel
  7325 | D:8      | Killed Pikel
  7325 | D:8      | Reached skill level 5 in Dodging
  8192 | D:9      | Reached skill level 1 in Invocations
  8563 | D:9      | Reached ****** piety under Cheibriados
  8754 | D:10     | Entered Level 10 of the Dungeon
  8777 | D:10     | Reached skill level 11 in Shields
  8973 | D:10     | Found a staircase to the Lair.
  9051 | D:10     | Identified a scroll of acquirement
  9150 | D:10     | Found a snail-covered altar of Cheibriados.
  9316 | D:11     | Noticed a cyclops
  9335 | D:11     | Noticed a white ugly thing
  9340 | D:11     | Killed a white ugly thing
  9359 | D:11     | Noticed a centaur warrior
  9370 | D:11     | Killed a centaur warrior
  9370 | D:11     | Reached XP level 12. HP: 71/95 MP: 14/14
  9430 | D:11     | Found a staircase to the Orcish Mines.
  9506 | D:11     | Noticed a two-headed ogre
  9511 | D:11     | Killed a two-headed ogre
  9511 | D:11     | Reached skill level 12 in Shields
  9692 | D:11     | Noticed a skeletal warrior
  9702 | D:11     | Killed a skeletal warrior
  9740 | D:11     | Noticed a skeletal warrior
  9742 | D:11     | Noticed a skeletal warrior
  9742 | D:11     | Noticed a skeletal warrior
  9745 | D:11     | Noticed a skeletal warrior
  9747 | D:11     | Killed a skeletal warrior
  9747 | D:11     | Reached skill level 5 in Invocations
  9757 | D:11     | Killed a skeletal warrior
  9761 | D:11     | Killed a skeletal warrior
  9761 | D:11     | Reached skill level 10 in Fighting
  9770 | D:11     | Killed a skeletal warrior
  9891 | D:11     | Noticed a two-headed ogre
  9896 | D:11     | Killed a two-headed ogre
 10096 | D:11     | Noticed an unseen horror
 10108 | D:11     | Killed an unseen horror
 10383 | Orc:1    | Entered Level 1 of the Orcish Mines
 10391 | Orc:1    | Reached skill level 13 in Shields
 10429 | Orc:2    | Entered Level 2 of the Orcish Mines
 10429 | Orc:2    | Noticed a two-headed ogre
 10431 | Orc:2    | Noticed a two-headed ogre
 10434 | Orc:2    | Noticed an ogre mage
 10436 | Orc:2    | Noticed a two-headed ogre
 10440 | Orc:1    | Killed a two-headed ogre
 10450 | Orc:1    | Reached XP level 13. HP: 14/104 MP: 17/17
 11082 | Orc:2    | Found a staircase to the Elven Halls.
 11168 | Orc:1    | Noticed Snorg
 11181 | Orc:1    | Killed Snorg
 11407 | Orc:1    | Noticed Fannar
 11421 | Orc:1    | Killed Fannar
 11421 | Orc:1    | Reached skill level 14 in Shields
 11440 | Orc:1    | Found a bloodstained altar of Trog.
 12791 | Orc:2    | Found Osiast's Assorted Antiques.
 12791 | Orc:2    | Found Fucifedd's Distillery.
 12792 | Orc:2    | Found Cischit's Magic Scroll Shoppe.
 12793 | Orc:2    | Found Omauppen's General Store.
 12804 | Orc:2    | Bought a potion of agility for 56 gold pieces
 12804 | Orc:2    | Bought a potion of cancellation for 112 gold pieces
 12807 | Orc:2    | Bought a scroll of identify for 22 gold pieces
 12807 | Orc:2    | Bought a scroll of random uselessness for 11 gold pieces
 12807 | Orc:2    | Bought a scroll of identify for 22 gold pieces
 12807 | Orc:2    | Bought a scroll of enchant weapon for 82 gold pieces
 13103 | Orc:2    | Reached XP level 14. HP: 114/114 MP: 20/20
 13488 | Lair:1   | Entered Level 1 of the Lair of Beasts
 13990 | Lair:1   | Noticed Grum
 13997 | Lair:1   | Killed Grum
 14422 | Lair:2   | Reached skill level 1 in Spellcasting
 14454 | Lair:2   | Reached skill level 15 in Shields
 14643 | Lair:2   | Reached skill level 10 in Armour
 14833 | Lair:2   | Found a hole to the Spider Nest.
 15079 | Lair:2   | Found a staircase to the Shoals.
 16678 | Lair:4   | Reached skill level 10 in Invocations
 16888 | Lair:4   | Reached XP level 15. HP: 111/122 MP: 22/22
 17542 | Lair:4   | Reached skill level 16 in Shields
 17861 | Lair:5   | Found a viscous altar of Jiyva.
 17862 | Lair:5   | Found a staircase to the Slime Pits.
 18395 | Lair:6   | Entered Level 6 of the Lair of Beasts
 18528 | Lair:6   | Found a dark tunnel.
 18534 | Volcano  | Entered a volcano
 18733 | Volcano  | Found a bloodstained altar of Trog.
 18741 | Volcano  | Noticed a stone giant
 18900 | Volcano  | Demolished by a stone giant

Skill      XL: |  1  2  3  4  5  6  7  8  9 10 11 12 13 14 15 |
---------------+----------------------------------------------+-----
Shields        | 4 5 6 7 8 9 11 13 14 15 16 | 16.3
Axes           | 3 4 5 6 8 |  8.8
Dodging        | 1 2 3 4 5 6 7 8 |  8.8
Armour         | 4 5 6 7 8 9 10 | 10.3
Fighting       | 4 5 6 7 9 10 11 12 13 | 13.0
Evocations     | 1 2 |  2.2
Invocations    | 3 6 8 10 | 10.6
Spellcasting   | 3 4 |  4.6

Action                   |  1- 3 |  4- 6 |  7- 9 | 10-12 | 13-15 || total
-------------------------+-------+-------+-------+-------+-------++-------
Melee: War axe           |    96 |   265 |   310 |       |       ||   671
       Morningstar       |       |       |    17 |   471 |   663 ||  1151
 Fire: Blowgun           |       |       |       |    12 |       ||    12
Invok: Bend Time         |       |       |       |     1 |       ||     1
       Step From Time    |       |       |       |       |     3 ||     3
       Slouch            |       |       |       |       |     5 ||     5
 Abil: Dig               |       |       |     3 |     8 |    10 ||    21
       Shaft Self        |       |       |     1 |       |       ||     1
Evoke: Wand              |       |       |     5 |    35 |    17 ||    57
       Lightning rod     |       |       |       |       |     4 ||     4
  Use: Potion            |       |     3 |     3 |     4 |     2 ||    12
       Scroll            |       |       |     9 |    12 |    11 ||    32
  Eat: Chunk             |     1 |     6 |     6 |    11 |    17 ||    41
Armor: Scale mail        |    34 |   106 |    69 |       |    28 ||   237
       Ring mail         |       |       |    34 |    54 |    59 ||   147
       Skin              |       |       |    10 |       |       ||    10
Dodge: Dodged            |    38 |    92 |   117 |   274 |   443 ||   964
Block: Shield            |    50 |   166 |   214 |   395 |   660 ||  1485
